 Dungeon Crawl Stone Soup version 0.31-a0-986-g5e6e4ef867 (webtiles) character file.

Game seed: 13984983763239318695

33 LeprechaunX the Changeling (level 3, 0/23 HPs)
             Began as an Octopode Shapeshifter on Nov 22, 2023.
             Slain by a bat (1 damage)
             ... on level 2 of the Dungeon.
             The game lasted 00:00:56 (973 turns).

LeprechaunX the Changeling (Octopode Shapeshifter)   Turns: 973, Time: 00:00:56

Health: 0/23       AC:  1    Str: 13    XL:     3   Next: 29%
Magic:  3/3        EV: 13    Int: 12    God:
Gold:   41         SH:  0    Dex: 13    Spells: 2/2 levels left

rFire   . .          .
                       - Unarmed
rCold   . . .        (no shield)
rNeg    . . .        (helmet currently unavailable)
rPois   .            (no amulet)
rElec   .            (no ring)
rCorr   .            (no ring)
SInv    .            (no ring)
Will    .....        (no ring)
Stlth   ++           (no ring)
HPRegen 0.23/turn    (no ring)
MPRegen 0.08/turn    (no ring)
                     (no ring)

%: no passive effects
@: beast-form
A: beast (slay +2), almost no armour, amphibious, 8 rings, camouflage 1,
gelatinous body 1, (nimble swimmer 1), tentacles
a: Begin Untransformation


You were on level 2 of the Dungeon.
You were a hulking beast.
You visited 1 branch of the dungeon, and saw 2 of its levels.

You collected 41 gold pieces.

Inventory:

Hand Weapons
 a - a +0 sling
Talismans
 b - a beast talisman
 c - a flux talisman
Scrolls
 d - a scroll of revelation {unknown}
 e - a scroll of immolation {unknown}
 h - 2 scrolls of identify {unknown}
Potions
 f - a potion of lignification
 g - a potion of curing {unknown}
 i - 2 potions of attraction {unknown}
 j - a potion of degeneration {unknown}


   Skills:
 + Level 1.6 Fighting
 - Level 2.0 Dodging
 + Level 3.3 Unarmed Combat
 * Level 3.6 Shapeshifting


You had 2 spell levels left.
You didn't know any spells.
Your spell library was empty.

Dungeon Overview and Level Annotations

Branches:
Dungeon (2/15)

Altars:


Innate Abilities, Weirdness & Mutations

You are a hulking beast.
Your limbs bulge with bestial killing power. (Slay +2)
You cannot wear most types of armour.
You are amphibious.
You can wear up to eight rings at the same time.
Your skin changes colour to match your surroundings (Stealth+).
Your rubbery body absorbs attacks. (AC +1, EV +1)
((You are camouflaged when in or above water. (Stealth+)))
You have tentacles for arms and can constrict up to eight enemies at once.


Message History

There are monsters nearby!
There are monsters nearby!
The goblin hits you with a +0 club.
You tentacle-slap the goblin.
You kill the goblin!
You tentacle-slap the worm. You grab the worm.
The worm is lightly wounded.
You constrict the worm. The bat barely misses you.
You tentacle-slap the worm. You squeeze the worm.
The worm is moderately wounded.
You constrict the worm. The worm bites you! The bat barely misses you.
You bludgeon the worm!
The worm is severely wounded.
You constrict the worm. The bat hits you but does no damage. The bat hits you.
You are too injured to fight recklessly!
You are too injured to fight recklessly!
You are too injured to fight recklessly!
You are too injured to fight recklessly!
You are too injured to fight recklessly!
You are too injured to fight recklessly!
You are too injured to fight recklessly!
You are too injured to fight recklessly!
You are too injured to fight recklessly!
You are too injured to fight recklessly!
You are too injured to fight recklessly!
You are too injured to fight recklessly!
You are too injured to fight recklessly!
You are too injured to fight recklessly!
You are too injured to fight recklessly!
You are too injured to fight recklessly!
You are too injured to fight recklessly!
You are too injured to fight recklessly!
You tentacle-slap the worm but do no damage.
The worm is severely wounded.
You constrict the worm. The bat barely misses you. The worm bites you!
* * * LOW HITPOINT WARNING * * *
You tentacle-slap the worm.
You kill the worm!
The bat hits you.
You die...

..
########..
#.........
#.........
#.......#
#.....$.+
#.b.....##
#.h.......
##..######
#######..###
#<.........#
#######..#.#
#..#.# #..#
# #..# #..#


You could see a bat.

Vanquished Creatures
  A worm (D:2)
  5 bats (D:1)
  3 endoplasms (D:1)
  5 hobgoblins (D:1)
  A quokka (D:1)
  5 ball pythons (D:1)
  4 frilled lizards (D:1)
  4 goblins
  2 kobolds (D:1)
  2 rats (D:1)
32 creatures vanquished.

Notes
Turn   | Place    | Note
-------+----------+-------------------------------------------
     0 | D:1      | LeprechaunX the Octopode Shapeshifter began the quest for
                  | the Orb.
     0 | D:1      | Reached XP level 1. HP: 13/13 MP: 1/1
   119 | D:1      | Reached XP level 2. HP: 16/18 MP: 2/2
   354 | D:1      | Reached XP level 3. HP: 18/23 MP: 3/3
   972 | D:2      | HP: 1/23 [worm (10)]
   973 | D:2      | Slain by a bat

Illustrated notes

Levels and vault maps discovered:
D:1:      dpeg_arrival_shrine, layout_basic
D:2:      layout_basic, kennysheep_minor_cross

Action                     || total
---------------------------++-------
  Melee: Unarmed           ||    55
         Constrict         ||    16
         Tentacles         ||    10
         Punch             ||     3
   Stab: Sleeping          ||     4
 Armour: Skin              ||    23
  Dodge: Dodged            ||    28

Table legend: (Time is in decaauts)
 A = Elapsed time spent in this place.
 B = Non-inter-level travel time spent in this place.
 C = Inter-level travel time spent in this place.
 D = Time resting spent in this place.
 E = Time spent auto-exploring this place.
 F = Levels seen in this place.
 G = Mean time per level.
                   A        B        C        D        E       F      G
               +--------+--------+--------+--------+--------+-----+--------+
         Total |    969 |    924 |     45 |      0 |    772 |   2 |  484.5 |
       Dungeon |    969 |    924 |     45 |      0 |    772 |   2 |  484.5 |
               +--------+--------+--------+--------+--------+-----+--------+

Top non-repeatable levels by time:
     D:1: 955 daAuts
     D:2: 14 daAuts
